APL (24 & UNDER)
STATE COLLEGE SPIKES @ SAVANNAH HOGS
09/10/2026
 
TOP OF THE 1ST
State College Spikes batting - Pitching for Savannah Hogs : RHP Nelson Cruz
Pitching: RHP Nelson Cruz
Batting: RHB Alonzo Herrera 0-0: Ball
1-0: Ground out 6-3 (Groundball, 6)
Batting: RHB Matt Tucker 0-0: Ball
1-0: Ball
2-0: Foul Ball, location: 2F
2-1: Called Strike
2-2: Strikes out swinging
Batting: RHB Mike Ingram 0-0: Fly out, F3 (Popup, 23)
Top of the 1st over - 0 run(s), 0 hit(s), 0 error(s), 0 left on base; State College 0 - Savannah 0
BOTTOM OF THE 1ST
Savannah Hogs batting - Pitching for State College Spikes : LHP Sean Perry
Pitching: LHP Sean Perry
Batting: RHB Ernesto Gómez 0-0: Foul Ball, location: 2F
0-1: Ball
1-1: Called Strike
1-2: Strikes out looking
Batting: RHB Sergio Moreno 0-0: Ball
1-0: Called Strike
1-1: Ball
2-1: Foul Ball, location: 2F
2-2: Foul Ball, location: 2F
2-2: SINGLE (Line Drive, 34)
Batting: RHB Remi Eruzione 0-0: Called Strike
0-1: Ball
1-1: Foul Ball, location: 2F
1-2: Strikes out looking
Batting: LHB Ramón Morales 0-0: Called Strike
0-1: SINGLE (Groundball, 3L)
Sergio Moreno to second
Runner from 2nd tries for 3rd, SAFE, throw made to third
Ramón Morales to second
Batting: RHB Anastasio Movonda 0-0: Fly out, F8 (Flyball, 8LM)
Bottom of the 1st over - 0 run(s), 2 hit(s), 0 error(s), 2 left on base; State College 0 - Savannah 0
TOP OF THE 2ND
State College Spikes batting - Pitching for Savannah Hogs : RHP Nelson Cruz
Batting: RHB Eric Knight 0-0: Called Strike
0-1: Foul Ball, location: 2F
0-2: Ground out 6-3 (Groundball, 6)
Batting: LHB Rod Blevins 0-0: Called Strike
0-1: Ball
1-1: SINGLE (Groundball, 23) (infield hit)
Batting: RHB Javier Peña 0-0: Called Strike
0-1: Ball
1-1: Ball
2-1: Foul Ball, location: 2F
2-2: Foul Ball, location: 2F
2-2: Ball
3-2: Foul Ball, location: 2F
3-2: Base on Balls
Rod Blevins to second
Batting: RHB Blair Whitehead 0-0: Ball
1-0: Foul Ball, location: 2F
1-1: Called Strike
1-2: Reached on error, E3 (Groundball, 3S)
Rod Blevins to third
Javier Peña to second
Batting: RHB Nick Mackin 0-0: Foul Ball, location: 2F
0-1: SINGLE (Flyball, 8RS)
Rod Blevins scores
Javier Peña to third
Blair Whitehead to second
Runner from 3rd tries for Home, SAFE, no throw or cutoff
Batting: RHB Joaquín Vásquez 0-0: Fly out, F8 (Flyball, 8RM)
Batting: RHB Alonzo Herrera 0-0: Foul Ball, location: 2F
0-1: Swinging Strike
0-2: Fly out, F8 (Flyball, 8RS)
Top of the 2nd over - 2 run(s), 2 hit(s), 1 error(s), 2 left on base; State College 2 - Savannah 0
BOTTOM OF THE 2ND
Savannah Hogs batting - Pitching for State College Spikes : LHP Sean Perry
Batting: LHB Ivan Costello 0-0: Fly out, F5 (Popup, 5SF)
Batting: RHB Miguel Toro 0-0: Called Strike
0-1: Ball
1-1: Called Strike
1-2: Foul Ball, location: 2F
1-2: SINGLE (Groundball, 56D)
Batting: RHB Júlio Peña 0-0: Ball
Miguel Toro steals 2nd base
1-0: Ball
2-0: SINGLE (Line Drive, 4MD)
Miguel Toro to third
Runner from 3rd tries for Home, SAFE, no throw or cutoff
Batting: LHB Jim Clemente 0-0: Called Strike
0-1: Foul Ball, location: 2F
0-2: Ball
1-2: Ball
2-2: Foul Ball, location: 2F
2-2: SINGLE (Line Drive, 8LS)
Júlio Peña to second
Batting: RHB Ernesto Gómez 0-0: Ball
1-0: Grounds into double play, 4-6-3 (Groundball, 4)
Bottom of the 2nd over - 1 run(s), 3 hit(s), 0 error(s), 1 left on base; State College 2 - Savannah 1
TOP OF THE 3RD
State College Spikes batting - Pitching for Savannah Hogs : RHP Nelson Cruz
Batting: RHB Matt Tucker 0-0: Foul Ball, location: 2F
0-1: Ball
1-1: Foul Ball, location: 2F
1-2: Foul Ball, location: 2F
1-2: Ball
2-2: Fly out, F9 (Flyball, 9LS)
Batting: RHB Mike Ingram 0-0: Ball
1-0: Ground out 6-3 (Groundball, 6)
Batting: RHB Eric Knight 0-0: Called Strike
0-1: Foul Ball, location: 2F
0-2: Ball
1-2: Ball
2-2: Foul Ball, location: 2F
2-2: Ball
3-2: Foul Ball, location: 2F
3-2: Foul Ball, location: 2F
3-2: Fly out, F3 (Popup, 3SF)
Top of the 3rd over - 0 run(s), 0 hit(s), 0 error(s), 0 left on base; State College 2 - Savannah 1
BOTTOM OF THE 3RD
Savannah Hogs batting - Pitching for State College Spikes : LHP Sean Perry
Batting: RHB Sergio Moreno 0-0: Foul Ball, location: 2F
0-1: Ball
1-1: Swinging Strike
1-2: Strikes out swinging
Batting: RHB Remi Eruzione 0-0: Called Strike
0-1: Foul Ball, location: 2F
0-2: Ball
1-2: Ball
2-2: Foul Ball, location: 2F
2-2: Fly out, F9 (Flyball, 9LS)
Batting: LHB Ramón Morales 0-0: Ball
1-0: Ground out 3-1 (Groundball, 34S)
Bottom of the 3rd over - 0 run(s), 0 hit(s), 0 error(s), 0 left on base; State College 2 - Savannah 1
TOP OF THE 4TH
State College Spikes batting - Pitching for Savannah Hogs : RHP Nelson Cruz
Batting: LHB Rod Blevins 0-0: Called Strike
0-1: Foul Ball, location: 2F
0-2: Ball
1-2: Ball
2-2: Ball
3-2: Strikes out swinging
Batting: RHB Javier Peña 0-0: Ball
1-0: SINGLE (Line Drive, 89S)
Batting: RHB Blair Whitehead 0-0: Swinging Strike
0-1: Fly out, F4 (Popup, 4MD)
Batting: RHB Nick Mackin 0-0: Ball
Javier Peña is caught stealing 2nd base
Top of the 4th over - 0 run(s), 1 hit(s), 0 error(s), 0 left on base; State College 2 - Savannah 1
BOTTOM OF THE 4TH
Savannah Hogs batting - Pitching for State College Spikes : LHP Sean Perry
Batting: RHB Anastasio Movonda 0-0: Ball
1-0: Ball
2-0: Ball
3-0: Base on Balls
Batting: LHB Ivan Costello 0-0: Called Strike
0-1: Swinging Strike
0-2: Ball
1-2: Foul Ball, location: 2F
1-2: Ball
2-2: Ball
3-2: Foul Ball, location: 2F
3-2: Grounds out, U3 (Groundball, 3L)
Batting: RHB Miguel Toro 0-0: Ball
1-0: Foul Ball, location: 2F
1-1: Ground out 3-1 (Groundball, 34)
Anastasio Movonda to third
Batting: RHB Júlio Peña 0-0: Called Strike
0-1: Ball
1-1: Ball
2-1: Foul Ball, location: 2F
2-2: Foul Ball, location: 2F
2-2: Strikes out swinging
Bottom of the 4th over - 0 run(s), 0 hit(s), 0 error(s), 1 left on base; State College 2 - Savannah 1
TOP OF THE 5TH
State College Spikes batting - Pitching for Savannah Hogs : RHP Nelson Cruz
Batting: RHB Nick Mackin 0-0: Foul Ball, location: 2F
0-1: Ball
1-1: Foul Ball, location: 2F
1-2: Ball
2-2: Foul Ball, location: 2F
2-2: Foul Ball, location: 2F
2-2: Foul Ball, location: 2F
2-2: Ball
3-2: Base on Balls
Batting: RHB Joaquín Vásquez 0-0: Called Strike
0-1: Called Strike
0-2: Ball
1-2: Ball
2-2: Ball
3-2: Base on Balls
Nick Mackin to second
Batting: RHB Alonzo Herrera 0-0: SINGLE (Line Drive, 78S)
Nick Mackin to third
Joaquín Vásquez to second
Runner from 3rd tries for Home, SAFE, no throw or cutoff
Batting: RHB Matt Tucker 0-0: Foul Ball, location: 2F
0-1: Ball
1-1: Grounds into double play, 5-4-3 (Groundball, 56)
Joaquín Vásquez to third
Batting: RHB Mike Ingram 0-0: Ball
1-0: Swinging Strike
1-1: Foul Ball, location: 2F
1-2: SINGLE (Line Drive, 34D)
Joaquín Vásquez scores
Batting: RHB Eric Knight 0-0: Ball
1-0: Swinging Strike
1-1: Called Strike
Mike Ingram steals 2nd base
1-2: SINGLE (Line Drive, 9LM)
Mike Ingram to third
Runner from 3rd tries for Home, SAFE, no throw or cutoff
Pitching: RHP Shannon Wallace
Batting: LHB Rod Blevins 0-0: Ball
Reached via error on a dropped throw, E3
Eric Knight to second
Batting: RHB Javier Peña 0-0: Called Strike
0-1: Foul Ball, location: 2F
0-2: Foul Ball, location: 2F
0-2: Ball
1-2: Strikes out swinging
Top of the 5th over - 3 run(s), 3 hit(s), 1 error(s), 2 left on base; State College 5 - Savannah 1
BOTTOM OF THE 5TH
Savannah Hogs batting - Pitching for State College Spikes : LHP Sean Perry
Batting: LHB Jim Clemente 0-0: Foul Ball, location: 2F
0-1: Called Strike
0-2: Ball
1-2: Strikes out swinging
Batting: RHB Ernesto Gómez 0-0: Ball
1-0: Foul Ball, location: 2F
1-1: Ball
2-1: SINGLE (Line Drive, 34D)
Batting: RHB Sergio Moreno 0-0: Ball
Wild Pitch!
Ernesto Gómez to second
1-0: Swinging Strike
1-1: Swinging Strike
1-2: Ground out 6-3 (Groundball, 6)
Batting: RHB Remi Eruzione 0-0: Called Strike
0-1: Foul Ball, location: 2F
0-2: Foul Ball, location: 2F
0-2: Strikes out looking
Bottom of the 5th over - 0 run(s), 1 hit(s), 0 error(s), 1 left on base; State College 5 - Savannah 1
TOP OF THE 6TH
State College Spikes batting - Pitching for Savannah Hogs : RHP Shannon Wallace
Batting: RHB Blair Whitehead 0-0: Ball
1-0: Foul Ball, location: 2F
1-1: Swinging Strike
1-2: Ball
2-2: Ball
3-2: Base on Balls
Batting: RHB Nick Mackin 0-0: Called Strike
0-1: Ball
1-1: Ball
2-1: Swinging Strike
2-2: Ball
3-2: Foul Ball, location: 2F
3-2: Base on Balls
Blair Whitehead to second
Batting: RHB Joaquín Vásquez 0-0: Ball
1-0: Ball
2-0: Foul Ball, location: 2F
2-1: SINGLE (Line Drive, 89S)
Blair Whitehead to third
Nick Mackin to second
Batting: RHB Alonzo Herrera 0-0: Fly out, F8 (Flyball, 8LM)
Runner from 3rd tags up, SCORES, throw made
Batting: RHB Matt Tucker 0-0: Ball
1-0: Foul Ball, location: 2F
1-1: Ball
Nick Mackin steals 3rd base
Joaquín Vásquez to second
2-1: Ball
3-1: Foul Ball, location: 2F
3-2: Foul Ball, location: 2F
3-2: Strikes out swinging
Batting: RHB Mike Ingram 0-0: Foul Ball, location: 2F
0-1: Ball
1-1: Ball
2-1: Ball
3-1: Ground out 2-3 (Groundball, 2L)
Top of the 6th over - 1 run(s), 1 hit(s), 0 error(s), 2 left on base; State College 6 - Savannah 1
BOTTOM OF THE 6TH
Savannah Hogs batting - Pitching for State College Spikes : LHP Sean Perry
Batting: LHB Ramón Morales 0-0: Ball
1-0: Foul Ball, location: 2F
1-1: Foul Ball, location: 2F
1-2: Ball
2-2: Fly out, F3 (Popup, 3F)
Pitching: RHP Bryan Glover
Batting: RHB Anastasio Movonda 0-0: Ball
1-0: Ball
2-0: Called Strike
2-1: Ball
3-1: Called Strike
3-2: Base on Balls
Batting: LHB Ivan Costello 0-0: Called Strike
0-1: Foul Ball, location: 2F
0-2: Foul Ball, location: 2F
0-2: SINGLE (Groundball, 4M)
Anastasio Movonda to second
Batting: RHB Miguel Toro 0-0: Foul Ball, location: 2F
0-1: Ball
1-1: Ground out 4-3 (Groundball, 4M)
Anastasio Movonda to third
Ivan Costello to second
Batting: RHB Júlio Peña 0-0: Ball
1-0: Called Strike
1-1: Ball
2-1: Swinging Strike
2-2: Ball
3-2: Foul Ball, location: 2F
3-2: Base on Balls
Batting: LHB Jim Clemente 0-0: Ball
1-0: Ball
2-0: Swinging Strike
2-1: Fly out, F4 (Line Drive, 4)
Bottom of the 6th over - 0 run(s), 1 hit(s), 0 error(s), 3 left on base; State College 6 - Savannah 1
TOP OF THE 7TH
State College Spikes batting - Pitching for Savannah Hogs : RHP Shannon Wallace
Batting: RHB Eric Knight 0-0: Called Strike
0-1: Ball
1-1: Ball
2-1: Fly out, F7 (Line Drive, 7LM)
Batting: LHB Rod Blevins 0-0: Ball
1-0: Ball
2-0: Swinging Strike
2-1: Foul Ball, location: 2F
2-2: Ground out 4-3 (Groundball, 4)
Batting: RHB Javier Peña 0-0: Ball
1-0: Ball
2-0: SINGLE (Flyball, 9S)
Batting: RHB Blair Whitehead 0-0: Called Strike
0-1: Ball
1-1: Ball
2-1: Foul Ball, location: 2F
2-2: Ball
3-2: Foul Ball, location: 2F
3-2: Foul Ball, location: 2F
3-2: Base on Balls
Javier Peña to second
Batting: RHB Nick Mackin 0-0: DOUBLE (Line Drive, 5L)
Javier Peña scores
Blair Whitehead to third
Runner from 3rd tries for Home, SAFE, throw made home
Pitching: RHP Luis Sánchez
Batting: RHB Joaquín Vásquez 0-0: Ball
1-0: Ball
2-0: Called Strike
2-1: Ball
3-1: Foul Ball, location: 2F
3-2: Base on Balls
Batting: RHB Alonzo Herrera 0-0: Ball
1-0: Foul Ball, location: 2F
1-1: Foul Ball, location: 2F
1-2: Foul Ball, location: 2F
1-2: Foul Ball, location: 2F
1-2: Strikes out swinging
Top of the 7th over - 2 run(s), 2 hit(s), 0 error(s), 2 left on base; State College 8 - Savannah 1
BOTTOM OF THE 7TH
Savannah Hogs batting - Pitching for State College Spikes : RHP Bryan Glover
Batting: RHB Ernesto Gómez 0-0: Called Strike
0-1: Called Strike
0-2: Strikes out looking
Batting: RHB Sergio Moreno 0-0: Ball
1-0: Swinging Strike
1-1: Swinging Strike
1-2: Strikes out swinging
Batting: RHB Remi Eruzione 0-0: Ball
1-0: Ball
2-0: Fly out, F9 (Flyball, 9M)
Bottom of the 7th over - 0 run(s), 0 hit(s), 0 error(s), 0 left on base; State College 8 - Savannah 1
TOP OF THE 8TH
State College Spikes batting - Pitching for Savannah Hogs : RHP Luis Sánchez
Batting: RHB Matt Tucker 0-0: DOUBLE (Line Drive, 9LS)
Batting: RHB Mike Ingram 0-0: Foul Ball, location: 2F
0-1: Swinging Strike
0-2: Ball
1-2: DOUBLE (Flyball, 9D)
Matt Tucker scores
Batting: RHB Eric Knight 0-0: Ball
1-0: Swinging Strike
1-1: Ball
2-1: Fly out, F4 (Popup, 4)
Batting: LHB Rod Blevins 0-0: Called Strike
0-1: Ball
1-1: Ball
2-1: Ball
3-1: Base on Balls
Batting: RHB Javier Peña 0-0: Ball
1-0: Swinging Strike
1-1: Ball
2-1: Called Strike
2-2: Strikes out swinging
Batting: RHB Blair Whitehead 0-0: Ball
1-0: Ball
2-0: Foul Ball, location: 2F
2-1: Swinging Strike
2-2: Ball
3-2: SINGLE (Groundball, 56D)
Mike Ingram to third
Rod Blevins to second
Mike Ingram scores
Rod Blevins to third
Batting: RHB Nick Mackin Single, Error in OF, E7, batter to second base
Rod Blevins scores
Blair Whitehead to third
Pitching: RHP Richard Schultz
Batting: RHB Joaquín Vásquez 0-0: Ball
1-0: TRIPLE (Flyball, 89M)
Blair Whitehead scores
Nick Mackin scores
Batting: RHB Alonzo Herrera 0-0: Ball
1-0: Ball
2-0: Ball
3-0: Called Strike
3-1: Foul Ball, location: 2F
3-2: Foul Ball, location: 2F
3-2: Foul Ball, location: 2F
3-2: SINGLE (Line Drive, 7S)
Joaquín Vásquez scores
Batting: RHB Matt Tucker 0-0: Ball
Alonzo Herrera steals 2nd base
1-0: Ball
2-0: Foul Ball, location: 2F
2-1: Swinging Strike
2-2: Foul Ball, location: 2F
2-2: Strikes out swinging
Top of the 8th over - 6 run(s), 6 hit(s), 1 error(s), 1 left on base; State College 14 - Savannah 1
BOTTOM OF THE 8TH
Savannah Hogs batting - Pitching for State College Spikes : RHP Bryan Glover
Batting: LHB Ramón Morales 0-0: Called Strike
0-1: Swinging Strike
0-2: Strikes out swinging
Pitching: RHP Chris Mitchell
Batting: RHB Anastasio Movonda 0-0: Foul Ball, location: 2F
0-1: Called Strike
0-2: Ball
1-2: SINGLE (Groundball, 34D)
Batting: LHB Ivan Costello 0-0: Ball
1-0: Fielders Choice at 2nd, U6 (Groundball, 6M)
Batting: RHB Miguel Toro 0-0: Fly out, F2 (Popup, 5SF)
Bottom of the 8th over - 0 run(s), 1 hit(s), 0 error(s), 1 left on base; State College 14 - Savannah 1
TOP OF THE 9TH
State College Spikes batting - Pitching for Savannah Hogs : RHP Richard Schultz
Batting: RHB Mike Ingram 0-0: SINGLE (Groundball, 4MD)
Batting: RHB Eric Knight 0-0: Called Strike
0-1: Ball
1-1: Ball
2-1: Called Strike
2-2: Ball
3-2: Base on Balls
Mike Ingram to second
Batting: LHB Rod Blevins 0-0: Ball
1-0: Ball
2-0: Ball
3-0: Called Strike
3-1: Base on Balls
Mike Ingram to third
Eric Knight to second
Batting: RHB Javier Peña 0-0: Ball
1-0: Foul Ball, location: 2F
1-1: Hit by Pitch
Mike Ingram scores
Eric Knight to third
Rod Blevins to second
Batting: RHB Blair Whitehead 0-0: Ball
1-0: GRAND SLAM HOME RUN (Line Drive, 8LXD), Distance : 427 ft
Pitching: RHP António Baca
Pinch Hitting: RHB Scott Lee 0-0: Ground out 6-3 (Groundball, 6M)
Batting: RHB Joaquín Vásquez 0-0: Swinging Strike
0-1: SINGLE (Flyball, 9LS)
Pinch Hitting: SHB Greg Butterfield 0-0: Foul Ball, location: 2F
0-1: Ball
1-1: Called Strike
1-2: Fielders Choice at 2nd, 3-6 (Groundball, 3)
Batting: RHB Matt Tucker 0-0: Called Strike
0-1: Called Strike
Greg Butterfield is caught stealing 2nd base
Top of the 9th over - 5 run(s), 3 hit(s), 0 error(s), 0 left on base; State College 19 - Savannah 1
BOTTOM OF THE 9TH
Savannah Hogs batting - Pitching for State College Spikes : RHP Chris Mitchell
Now at 2B: Greg Butterfield
Now in CF: Cory Hester
Batting: RHB Júlio Peña 0-0: Swinging Strike
0-1: Ground out 5-3 (Groundball, 5)
Batting: LHB Jim Clemente 0-0: Ball
1-0: Ball
2-0: Called Strike
2-1: Called Strike
2-2: Strikes out swinging
Batting: RHB Ernesto Gómez 0-0: SINGLE (Line Drive, 34)
Batting: RHB Sergio Moreno 0-0: Called Strike
0-1: Called Strike
0-2: Ball
1-2: Strikes out swinging
Bottom of the 9th over - 0 run(s), 1 hit(s), 0 error(s), 1 left on base; State College 19 - Savannah 1
Monday, December 5th, 2016 - OOTP Baseball 17.12 Build 75